 Dungeon Crawl Stone Soup version 0.31.0-11-ge490571c62 (webtiles) character file.

Game seed: 7635533382540958065

30 Gadfly the Trooper (level 3, 29/29 HPs)
             Began as a Demonspawn Monk on Feb 2, 2024.
             Quit the game on level 2 of the Dungeon.
             The game lasted 00:00:42 (844 turns).

Gadfly the Trooper (Demonspawn Monk)                 Turns: 844, Time: 00:00:43

Health: 29/29      AC:  4    Str: 13    XL:     3   Next: 5%
Magic:  3/3        EV: 13    Int: 10    God:
Gold:   20         SH:  0    Dex: 15    Spells: 2/2 levels left

rFire   . . .        b - +1 short sword (speed)
rCold   . . .        c - orb {light}
rNeg    . . .        a - +0 robe
rPois   .            (no helmet)
rElec   .            (no cloak)
rCorr   .            (no gloves)
SInv    .            (no boots)
Will    .....        (no amulet)
Stlth   +            (no ring)
HPRegen 0.24/turn    (no ring)
MPRegen 0.16/turn

%: no passive effects
@: glowing
A: molten scales 1, magic regeneration
a: no special abilities


You were on level 2 of the Dungeon.
You visited 1 branch of the dungeon, and saw 2 of its levels.

You collected 20 gold pieces.

Inventory:

Hand Weapons
 b - a +1 short sword of speed (weapon)
Armour
 a - a +0 robe (worn)
 c - an orb of light (worn)
Potions
 d - a potion of ambrosia


   Skills:
 - Level 3.0 Fighting
 + Level 2.9 Dodging
 * Level 3.0 Unarmed Combat
 * Level 1.2 Evocations
 * Level 1.0 Shapeshifting


You had 2 spell levels left.
You didn't know any spells.
Your spell library was empty.

Dungeon Overview and Level Annotations

Branches:
Dungeon (2/15)

Altars:


Innate Abilities, Weirdness & Mutations

You are partially covered in molten scales. (AC +2)
You regenerate magic rapidly.


Message History

The adder is heavily wounded.
The adder barely misses you. x2
You hit the adder.
The adder is severely wounded.
You barely miss the adder.
The adder is severely wounded.
The adder closely misses you. The adder misses you.
You hit the adder.
The adder is almost dead.
The adder barely misses you. The adder closely misses you.
You closely miss the adder.
The adder is almost dead.
The adder bites you. The adder closely misses you.
You hit the adder.
You kill the adder!
The adder bites you.
Your Unarmed Combat skill increases to level 3!
Your Evocations skill increases to level 1!
You hit the adder.
The adder is moderately wounded.
The adder closely misses you.
You hit the adder.
The adder is severely wounded.
The adder completely misses you.
You hit the adder.
You kill the adder!
Your Shapeshifting skill increases to level 1!
You have reached level 3!
Your experience leads to an increase in your attributes!
Increase (S)trength, (I)ntelligence, or (D)exterity?
You feel stronger. x2; Your demonic ancestry asserts itself...
Your magic begins to regenerate rapidly.
HP restored.
Found a stone staircase leading down.
You see here an adder corpse.
You see here an adder corpse.
You now have 20 gold pieces (gained 4).
Found 8 stones.
No target in view!
Are you sure you want to abandon this character and quit the game? (Confirm with "yes".)

#( #. #.# #. #.# #. #.#
# #. #.# ###.##.###
.##.# .........##.##.#
.......@....##.####
###.####.#....††..###.#
###.###...#.##.#.....>#
#.......#..#..<#..#####
#..####...#.#..#..#
##.###...#..#####.
##.## ##..#........
#.## ##.......... ##.##
##....#######


There were no monsters in sight!

Vanquished Creatures
  2 adders (D:2)
  2 bats (D:1)
  2 endoplasms (D:1)
  A giant cockroach (D:1)
  A hobgoblin (D:1)
  2 jackals (D:1)
  A kobold (D:1)
  2 rats (D:1)
13 creatures vanquished.

Notes
Turn   | Place    | Note
-------+----------+-------------------------------------------
     0 | D:1      | Gadfly the Demonspawn Monk began the quest for the Orb.
     0 | D:1      | Reached XP level 1. HP: 18/18 MP: 1/1
   456 | D:1      | Gained mutation: You are partially covered in molten
                  | scales. (AC +2) [demonic ancestry]
   456 | D:1      | Reached XP level 2. HP: 24/24 MP: 2/2
   786 | D:2      | Reached skill level 1 in Evocations
   789 | D:2      | Reached skill level 1 in Shapeshifting
   789 | D:2      | Gained mutation: You regenerate magic rapidly. [demonic
                  | ancestry]
   789 | D:2      | Reached XP level 3. HP: 23/29 MP: 3/3
   844 | D:2      | Quit the game

Illustrated notes

Levels and vault maps discovered:
D:1:      mushboom_english_gardens, layout_basic
D:2:      layout_loops_ring, basic_altar, uniq_jessica

Skill      XL: |  1  2 |
---------------+-------+-----
Unarmed Combat | 3 |  3.0
Evocations     | 1 |  1.2
Shapeshifting  | 1 |  1.0
Fighting       | |  3.0
Dodging        | |  2.9

Action                     || total
---------------------------++-------
  Melee: Short sword       ||    44
         Unarmed           ||    10
    Use: Scroll            ||     2
 Armour: Robe              ||    18
  Dodge: Dodged            ||    51
